[Event "Team 45 45 League T38"]
[Site "Internet Chess Club"]
[Date "2008.08.30"]
[Round "6"]
[White "Fidius"]
[Black "xakelari"]
[Result "1-0"]
[WhiteElo "1999"]
[BlackElo "2069"]
[Opening "Giuoco Piano"]
[ECO "C54"]
[Time "15:30:28"]
[TimeControl "2700+45"]

1. e4 e5 2. Nf3 Nc6 3. Bc4 Bc5 4. c3 Nf6 5. d3 a6 6. O-O d6 7. d4 Ba7 8. dxe5
dxe5 9. Qxd8+ Nxd8 10. Nxe5 Nxe4 11. Nd2 Nd6 12. Bb3 O-O 13. Ndc4 Nxc4 14. Bxc4
Be6 15. Re1 Bxc4 16. Nxc4 Ne6 17. Be3 Bxe3 18. Nxe3 Rfd8 19. Rad1 Kf8 20. Kf1
Rxd1 21. Rxd1 Rd8 22. Rxd8+ Nxd8 23. Ke2 Ke7 24. Kd3 Ne6 25. c4 Kf6 26. b4 Ke5
27. g3 h5 28. f4+ Kd6 29. Ke4 c6 30. c5+ Kd7 31. Nf5 g6 32. Nd6 Nd8 33. f5 Ke7
34. fxg6 fxg6 35. Ke5 g5 36. Kf5 h4 37. Kxg5 hxg3 38. hxg3 Ke6 39. Kg6 Kd5 40.
Kf6 b6 41. Nf7 Nb7 42. cxb6 c5 43. bxc5 Nxc5 44. g4 Nd7+ 45. Ke7 Nxb6 46. g5 Ke4
47. g6 Nd5+ 48. Kd6 Nf6 49. Ke6 Nh5 50. Nd6+ Kf3 51. Kf5 Ng7+ 52. Kf6 Nh5+ 53.
Kg5 Nf4 54. g7 Ne6+ 55. Kf6 Nxg7 56. Kxg7 Ke3 57. Kf6 Kd4 58. Ke6 Kc3 59. Kd5 a5
60. Kc5 a4 61. Nc4 a3 62. Kb5 Kc2 63. Kb4 Kd3 64. Nxa3 {Black resigns} 1-0

[Event "Team 45 45 League T38"]
[Site "Internet Chess Club"]
[Date "2008.08.31"]
[Round "6"]
[White "IceBox"]
[Black "hewdondada"]
[Result "0-1"]
[WhiteElo "1688"]
[BlackElo "1862"]
[Opening "QGD Slav defense"]
[ECO "D13"]
[Time "12:00:34"]
[TimeControl "2700+45"]

1. d4 d5 2. c4 c6 3. Nc3 Nf6 4. cxd5 cxd5 5. Nf3 Nc6 6. e3 Bf5 7. Qb3 Rb8 8. Be2
e6 9. a3 a6 10. O-O Bd6 11. Bd2 O-O 12. Nh4 Ne4 13. Nxe4 Bxh2+ 14. Kxh2 Qxh4+
15. Kg1 Bxe4 16. Rac1 Qg5 17. f3 Nxd4 18. exd4 Qxd2 19. fxe4 Qxe2 20. exd5 exd5
21. Qxd5 Qe3+ 22. Kh1 Qe7 23. Rf3 Rfd8 24. Qc4 Qh4+ 25. Rh3 Qxd4 26. Qc2 h6 27.
Rf1 Rbc8 28. Qf5 Qd5 29. Qg4 Rc2 30. b4 Qc4 31. Qf5 Rc1 32. Rf3 Rxf1+ 33. Rxf1
Rd4 34. Re1 Rh4+ 35. Kg1 Qd4+ 36. Qf2 Rh1+ {White resigns} 0-1

[Event "Team 45 45 League T38"]
[Site "Internet Chess Club"]
[Date "2008.08.31"]
[Round "6"]
[White "mugurelt"]
[Black "chipionero"]
[Result "1-0"]
[WhiteElo "1743"]
[BlackElo "1699"]
[Opening "King's Indian: Petrosian system, Stein variation"]
[ECO "E92"]
[Time "15:00:08"]
[TimeControl "2700+45"]

1. d4 Nf6 2. c4 d6 3. Nc3 g6 4. e4 Bg7 5. Nf3 O-O 6. Be2 e5 7. d5 a5 8. Bg5 h6
9. Bxf6 Qxf6 10. h3 Na6 11. a3 Nc5 12. b4 axb4 13. axb4 Rxa1 14. Qxa1 Na6 15.
Qa5 Qe7 16. Nh2 f5 17. O-O f4 18. Qa3 Qg5 19. Kh1 h5 20. Na4 Qe7 21. c5 Rf7 22.
cxd6 Qxd6 23. Nc5 Bf8 24. Rc1 Nxb4 25. Qa8 b6 26. Qxc8 bxc5 27. Bc4 Rd7 28. Nf3
Rd8 29. Qe6+ Qxe6 30. dxe6 Kg7 31. Nxe5 Bd6 32. Nf7 Re8 33. Rd1 Be7 34. Rd7 c6
35. Nd6 Rd8 36. Rxe7+ {Black resigns} 1-0

[Event "Team 45 45 League T38"]
[Site "Internet Chess Club"]
[Date "2008.09.01"]
[Round "6"]
[White "Dbronstein06"]
[Black "RD1974"]
[Result "0-1"]
[WhiteElo "1665"]
[BlackElo "1578"]
[Opening "Scandinavian: Pytel-Wade variation"]
[ECO "B01"]
[Time "19:00:50"]
[TimeControl "2700+45"]

1. e4 d5 2. exd5 Qxd5 3. Nc3 Qd6 4. d4 Nf6 5. Nf3 a6 6. Be3 b5 7. Ne5 Bb7 8. Qd2
Nbd7 9. O-O-O Nxe5 10. dxe5 Qxe5 11. Bf4 Qc5 12. a4 b4 13. Bb5+ axb5 14. Nxb5
Qxb5 15. Bxc7 Bd5 16. Qg5 Qc6 17. Qf4 e6 18. Rhe1 Be7 19. Be5 O-O 20. g4 Rfd8
21. Rd3 Rac8 22. c3 Bd6 23. g5 Bxe5 24. Rxe5 Nd7 25. Re1 Nc5 26. Rh3 Be4 27.
Rxe4 Nd3+ 28. Kc2 Nxf4 29. Rxf4 Qxa4+ 30. Kb1 {White resigns} 0-1

[Event "Team 45 45 League T38"]
[Site "Internet Chess Club"]
[Date "2008.08.29"]
[Round "6"]
[White "Nosferatu1"]
[Black "DFME"]
[Result "0-1"]
[WhiteElo "1898"]
[BlackElo "2008"]
[Opening "King's Indian defense, 3.Nc3"]
[ECO "E61"]
[Time "18:03:06"]
[TimeControl "2700+45"]

1. d4 Nf6 2. c4 g6 3. Nc3 Bg7 4. Nf3 O-O 5. g3 d5 6. cxd5 Nxd5 7. Bg2 Nxc3 8.
bxc3 c5 9. O-O Nc6 10. e3 Be6 11. Rb1 b6 12. a3 Bf5 13. Rb2 Be4 14. Rd2 c4 15.
a4 Qd5 16. Ba3 Rfd8 17. Ne1 Bxg2 18. Nxg2 e5 19. Qc2 f5 20. Rfd1 e4 21. Nf4 Qd7
22. Qa2 Na5 23. Bb2 a6 24. Ra1 g5 25. Ne2 b5 26. Nc1 f4 27. exf4 gxf4 28. Ne2
Nb3 29. Ba3 f3 30. Nf4 Bh6 31. Re1 Bxf4 32. Rxe4 Qh3 {White resigns} 0-1

[Event "Team 45 45 League T38"]
[Site "Internet Chess Club"]
[Date "2008.08.30"]
[Round "6"]
[White "pishd"]
[Black "Rlopez"]
[Result "0-1"]
[WhiteElo "1781"]
[BlackElo "1724"]
[Opening "Trompowsky attack (Ruth, Opocenský opening)"]
[ECO "A45"]
[Time "13:07:00"]
[TimeControl "2700+45"]

1. d4 Nf6 2. Bg5 Ne4 3. Bf4 c5 4. f3 Qa5+ 5. c3 Nf6 6. Nd2 cxd4 7. Nb3 Qb6 8.
Qxd4 Nc6 9. Qxb6 axb6 10. Bg5 d5 11. Nd4 Bd7 12. Nb5 Rc8 13. e3 e5 14. Rd1 Be6
15. Nh3 Be7 16. Nf2 O-O 17. Be2 h6 18. Bh4 Bc5 19. Bxf6 gxf6 20. e4 Rfd8 21. O-O
d4 22. b4 Be7 23. a3 Rd7 24. c4 Ra8 25. Bd3 Na7 26. Nxa7 Rxa7 27. Ra1 Rd8 28. c5
bxc5 29. bxc5 Bxc5 30. a4 Rda8 31. Bb5 b6 32. Nd3 Ra5 33. Rfc1 Rc8 34. Rab1 Kf8
35. Rb2 Ke7 36. Kf1 Kd6 37. Ke2 h5 38. Kd2 h4 39. f4 Rg8 40. Rg1 Raa8 41. f5 Bc8
42. Kc1 Bb7 43. Re2 Bc6 44. Bxc6 Kxc6 45. Ra2 Ra5 46. Kb2 Rg4 47. Nf2 Rf4 48. g3
Rxf2+ {White resigns} 0-1

[Event "Team 45 45 League T38"]
[Site "Internet Chess Club"]
[Date "2008.08.31"]
[Round "6"]
[White "AVEMARIA"]
[Black "jacknor"]
[Result "1-0"]
[WhiteElo "1753"]
[BlackElo "1609"]
[Opening "Sicilian: Alapin's variation (2.c3)"]
[ECO "B22"]
[Time "09:35:07"]
[TimeControl "2700+45"]

1. e4 c5 2. c3 g6 3. Bc4 Bg7 4. d4 cxd4 5. cxd4 d6 6. Nc3 Nc6 7. Nge2 Nf6 8. O-O
O-O 9. a3 a6 10. f3 b5 11. Ba2 Bb7 12. Be3 Rc8 13. Rc1 e5 14. Qd2 Ne7 15. Rfd1
Kh8 16. Bh6 Qe8 17. Bxg7+ Kxg7 18. dxe5 dxe5 19. Qe3 Nc6 20. Nd5 Nd4 21. Rxc8
Qxc8 22. Nxd4 Nxd5 23. exd5 exd4 24. Qxd4+ Kg8 25. Qf4 Qd7 26. h4 Rd8 27. d6 Bc8
28. Qf6 Re8 29. h5 Qf5 30. Bxf7+ Kf8 31. Qxf5 Bxf5 32. Bxe8 Kxe8 33. hxg6 hxg6
34. g4 Be6 35. Kf2 Kd7 36. Kg3 g5 37. f4 gxf4+ 38. Kxf4 Ke8 39. g5 Kf7 40. Ke5
Bd7 41. Rf1+ Kg6 42. Rf6+ Kxg5 43. Rf7 {Black resigns} 1-0

[Event "Team 45 45 League T38"]
[Site "Internet Chess Club"]
[Date "2008.09.01"]
[Round "6"]
[White "scottrugby"]
[Black "hondocando"]
[Result "1-0"]
[WhiteElo "1619"]
[BlackElo "1653"]
[Opening "Scotch gambit: Dubois-Réti defense"]
[ECO "C55"]
[Time "18:03:03"]
[TimeControl "2700+45"]

1. e4 e5 2. Nf3 Nc6 3. d4 exd4 4. Bc4 Nf6 5. e5 Ng4 6. Bxf7+ Kxf7 7. Ng5+ Kg8 8.
Qxg4 h6 9. Nf3 d6 10. e6 Qf6 11. O-O Bxe6 12. Qe4 Bf5 13. Qd5+ Kh7 14. c3 Bxb1
15. Rxb1 dxc3 16. bxc3 Rb8 17. Bb2 Ne5 18. Nxe5 dxe5 19. c4 Bd6 20. c5 Bf8 21.
Bxe5 Qe7 22. c6 b6 23. Rfd1 Rg8 24. Bg3 Qe8 25. Bxc7 Rc8 26. Qf5+ g6 27. Rd7+
Rg7 28. Rxg7+ Bxg7 29. Qd7 Qe4 30. Rf1 Re8 31. Bd6 Kg8 32. c7 Qa8 33. Rc1 Rc8
34. Bg3 Kh7 35. Rd1 h5 36. Be5 Rg8 37. Bxg7 Rxg7 38. Qd8 Rg8 39. Qxa8 Rxa8 40.
Rd8 {Black resigns} 1-0

[Event "Team 45 45 League T38"]
[Site "Internet Chess Club"]
[Date "2008.08.30"]
[Round "6"]
[White "natethegreat"]
[Black "sacredpawn"]
[Result "1-0"]
[WhiteElo "1779"]
[BlackElo "1850"]
[Opening "Hungarian defense"]
[ECO "C50"]
[Time "13:22:22"]
[TimeControl "2700+45"]

1. e4 e5 2. Nf3 Nc6 3. Bc4 Be7 4. O-O d6 5. Nc3 Bg4 6. h3 Bh5 7. Bb5 Nf6 8.
Bxc6+ bxc6 9. d3 O-O 10. Be3 h6 11. Kh1 Qd7 12. Rg1 Bxf3 13. Qxf3 Kh7 14. d4
exd4 15. Bxd4 c5 16. Be3 Rab8 17. b3 Rfe8 18. Rad1 Qe6 19. Rge1 g5 20. Nd5 Nxd5
21. Rxd5 Rb4 22. Bd2 Rd4 23. Bc3 Rxd5 24. exd5 Qg6 25. Bf6 Qxf6 26. Qxf6 Bxf6
27. Rxe8 Bc3 28. Re7 Ba5 29. Rxf7+ Kg6 30. Re7 Bb6 31. Re6+ Kg7 32. c4 a5 33. a4
Kh7 34. Kh2 Kg7 35. Kg3 Kh7 {Black resigns} 1-0

[Event "Team 45 45 League T38"]
[Site "Internet Chess Club"]
[Date "2008.08.30"]
[Round "6"]
[White "thecheckmater"]
[Black "vkpanch"]
[Result "1-0"]
[WhiteElo "1729"]
[BlackElo "1721"]
[Opening "Sicilian: accelerated fianchetto, modern variation"]
[ECO "B34"]
[Time "13:16:07"]
[TimeControl "2700+45"]

1. e4 c5 2. Nf3 Nc6 3. d4 cxd4 4. Nxd4 g6 5. Nc3 Bg7 6. Be3 Nf6 7. f3 Qb6 8. Rb1
Nxe4 9. fxe4 Nxd4 10. Nd5 Qc5 11. c3 e6 12. Bxd4 Bxd4 13. cxd4 Qa5+ 14. b4 Qd8
15. Nc3 Qc7 16. Nb5 Qb6 17. a4 a6 18. a5 Qc6 19. d5 exd5 20. exd5 Qf6 21. Nc7+
Kf8 22. Nxa8 Qe5+ 23. Be2 Qc3+ 24. Qd2 Qf6 25. Rc1 Kg7 26. Qc3 d6 27. Qxf6+ Kxf6
28. O-O+ Bf5 29. Nb6 Re8 30. Bd3 Kg5 31. Bxf5 gxf5 32. Rc7 Kg6 33. Rxb7 Re4 34.
Rd7 Rxb4 35. Ra1 Rc4 36. Nxc4 {Black resigns} 1-0

[Event "Team 45 45 League T38"]
[Site "Internet Chess Club"]
[Date "2008.08.28"]
[Round "6"]
[White "avila"]
[Black "romanrook"]
[Result "1-0"]
[WhiteElo "1702"]
[BlackElo "1579"]
[Opening "Pirc: classical (two knights) system"]
[ECO "B08"]
[Time "13:01:37"]
[TimeControl "2700+45"]

1. e4 d6 2. d4 Nf6 3. Nc3 g6 4. Nf3 Bg7 5. Be3 c6 6. Be2 b5 7. a3 Qc7 8. h3 Qb7
9. b4 a5 10. O-O O-O 11. Qd2 Nbd7 12. Bh6 Re8 13. Bxg7 Kxg7 14. Rfd1 Qb6 15. e5
Ng8 16. Qf4 dxe5 17. dxe5 e6 18. Ng5 Rf8 19. Nce4 Nh6 20. Nf6 Nxf6 21. exf6+ Kg8
22. Qh4 Nf5 23. Qxh7# {Black checkmated} 1-0

[Event "Team 45 45 League T38"]
[Site "Internet Chess Club"]
[Date "2008.08.31"]
[Round "6"]
[White "Gregorio"]
[Black "frontier"]
[Result "0-1"]
[WhiteElo "2054"]
[BlackElo "2171"]
[Opening "French defense"]
[ECO "C00"]
[Time "21:15:55"]
[TimeControl "2700+45"]

1. e4 e6 2. Nf3 d5 3. exd5 exd5 4. d4 Nc6 5. Bd3 Bd6 6. Bg5 Nge7 7. Nbd2 Bg4 8.
h3 Bh5 9. Nb3 Qd7 10. Qe2 O-O-O 11. g4 Bg6 12. O-O-O Bxd3 13. cxd3 f6 14. Be3
Rhe8 15. g5 Nf5 16. a3 Bf4 17. Kb1 Bxe3 18. fxe3 Ng3 19. Qf2 Nxh1 20. Rxh1 Qf5
21. Nc5 b6 22. e4 dxe4 23. dxe4 Qf4 24. d5 bxc5 25. dxc6 Qxe4+ 26. Ka1 Qxc6 27.
Rc1 fxg5 28. Nxg5 h6 29. Rxc5 Qh1+ 30. Ka2 hxg5 31. Qf5+ Kb8 32. Qf7 Qb7 33. a4
a6 34. Rc4 Re4 {White resigns} 0-1

[Event "Team 45 45 League T38"]
[Site "Internet Chess Club"]
[Date "2008.09.03"]
[Round "6"]
[White "chsrules88"]
[Black "Petrozjan"]
[Result "0-1"]
[WhiteElo "2041"]
[BlackElo "2149"]
[Opening "French: advance, Milner-Barry gambit"]
[ECO "C02"]
[Time "17:00:24"]
[TimeControl "2700+45"]

1. e4 e6 2. d4 d5 3. e5 c5 4. c3 Nc6 5. Nf3 Qb6 6. Bd3 cxd4 7. cxd4 Bd7 8. Bc2
Nb4 9. O-O Nxc2 10. Qxc2 Rc8 11. Nc3 Ne7 12. Rd1 Nc6 13. a3 Na5 14. Be3 h6 15.
Nd2 Be7 16. b4 Nc4 17. Nxc4 Rxc4 18. Rac1 O-O 19. Qd3 Rfc8 20. Ne2 Ba4 21. Re1
Bb5 22. Qb3 a5 23. bxa5 Qxa5 24. Rb1 Ba6 25. Ra1 Ra4 26. Bd2 Rxa3 27. Qxa3 Qxa3
28. Rxa3 Bxa3 29. Nc3 Bb2 30. Re3 Rc4 31. Rd3 b5 32. Ne2 b4 33. Be3 Rc2 {White
resigns} 0-1

[Event "Team 45 45 League T38"]
[Site "Internet Chess Club"]
[Date "2008.09.01"]
[Round "6"]
[White "Harmonicus"]
[Black "Atwode"]
[Result "1-0"]
[WhiteElo "1875"]
[BlackElo "1893"]
[Opening "French: King's Indian attack"]
[ECO "C00"]
[Time "18:00:20"]
[TimeControl "2700+45"]

1. e4 e6 2. d3 d5 3. Nd2 Nf6 4. Ngf3 Nc6 5. c3 e5 6. g3 a5 7. Bg2 dxe4 8. dxe4
Bc5 9. O-O O-O 10. Qc2 b6 11. Nc4 Ba6 12. Rd1 Qe7 13. Ne3 Rad8 14. a3 Rxd1+ 15.
Qxd1 Nxe4 16. Qa4 Nxf2 17. Kxf2 Qf6 18. Qh4 Qf5 19. Kg1 Qd3 20. Ne1 Bxe3+ 21.
Bxe3 Qxe3+ 22. Kh1 Qe2 23. Nc2 Qxc2 24. Be4 {Black resigns} 1-0

[Event "Team 45 45 League T38"]
[Site "Internet Chess Club"]
[Date "2008.09.01"]
[Round "6"]
[White "netshooter"]
[Black "jakesnake"]
[Result "1-0"]
[WhiteElo "1855"]
[BlackElo "1833"]
[Opening "King's pawn game"]
[ECO "C50"]
[Time "19:30:51"]
[TimeControl "2700+45"]

1. e4 e5 2. Nf3 Nc6 3. Bc4 Nd4 4. d3 Nxf3+ 5. Qxf3 Qf6 6. Qg3 Be7 7. Nc3 c6 8.
O-O d6 9. f4 Qg6 10. Qe3 Nf6 11. f5 Qh5 12. h3 b6 13. d4 exd4 14. Qxd4 d5 15.
Be2 Bc5 16. Qxc5 bxc5 17. Bxh5 Nxh5 18. exd5 cxd5 19. Nxd5 O-O 20. Ne7+ Kh8 21.
Nxc8 Raxc8 22. b3 Rfe8 23. Bb2 Re2 24. Rf2 Rce8 25. f6 g6 26. Rd1 Re1+ 27. Rxe1
Rxe1+ 28. Rf1 Rxf1+ 29. Kxf1 Nf4 30. Kf2 Kg8 31. Ba3 Ne6 32. Ke3 Kf8 33. Ke4 Ke8
34. Kd5 Nf4+ 35. Kxc5 Kd7 36. Kb5 Kc7 37. Ka6 Nxg2 38. Kxa7 Nf4 39. c4 Nxh3 40.
b4 Ng5 41. b5 Ne6 42. b6+ Kd7 43. b7 Nd8 44. Ka8 Nc6 45. c5 Kc7 46. Bc1 h5 47.
Bf4+ Kd7 48. b8=Q Nxb8 49. Kxb8 Kc6 50. Bg5 Kxc5 51. Kc7 {Black resigns} 1-0

[Event "Team 45 45 League T38"]
[Site "Internet Chess Club"]
[Date "2008.09.01"]
[Round "6"]
[White "sorinc"]
[Black "pestka"]
[Result "0-1"]
[WhiteElo "1952"]
[BlackElo "2234"]
[Opening "Sicilian: Labourdonnais-Löwenthal (Kalashnikov) variation"]
[ECO "B32"]
[Time "15:12:09"]
[TimeControl "2700+45"]

1. e4 c5 2. Nf3 Nc6 3. d4 cxd4 4. Nxd4 e5 5. Nb5 d6 6. N1c3 a6 7. Na3 b5 8. Nd5
Nf6 9. Bg5 Be7 10. Nxe7 Nxe7 11. Bxf6 gxf6 12. c3 Bb7 13. Bd3 d5 14. exd5 Qxd5
15. f3 Qc5 16. Qe2 O-O 17. Qf2 Qxf2+ 18. Kxf2 Rfd8 19. Rad1 Kg7 20. Rhe1 Rd7 21.
Bc2 Rad8 22. Rxd7 Rxd7 23. Rd1 Rxd1 24. Bxd1 f5 25. Nc2 Kf6 26. Ne3 f4 27. Ng4+
Ke6 28. Bb3+ Bd5 29. Bxd5+ Nxd5 30. Ke2 f5 31. Nf2 h5 32. Nd3 Kd6 33. g3 fxg3
34. hxg3 a5 35. Ne1 Nb6 36. Ng2 Na4 37. Ne3 f4 38. gxf4 exf4 39. Nd1 Kd5 40. b3
Nc5 41. Nf2 b4 42. c4+ Kd4 43. Nh3 Ke5 44. Nf2 h4 45. Kf1 Kd4 46. Kg2 a4 47.
bxa4 Nxa4 48. Nh3 Ke3 49. Ng5 Kd4 50. Ne6+ Kxc4 51. Nxf4 Nc3 52. Kh3 Nxa2 53.
Ng2 Nc3 54. Ne1 b3 55. f4 b2 56. Nc2 Kd3 57. Na3 Nb5 58. Nb1 Kc2 59. f5 Kxb1 60.
f6 Nd6 61. Kxh4 Kc2 62. Kg5 Ne4+ {White resigns} 0-1

[Event "Team 45 45 League T38"]
[Site "Internet Chess Club"]
[Date "2008.09.02"]
[Round "6"]
[White "Beddathanme"]
[Black "ghostfire"]
[Result "1-0"]
[WhiteElo "1852"]
[BlackElo "1827"]
[Opening "Sicilian: Sozin with ...a6 and ...b5"]
[ECO "B87"]
[Time "21:00:18"]
[TimeControl "2700+45"]

1. e4 c5 2. Nf3 d6 3. d4 cxd4 4. Nxd4 Nf6 5. Nc3 a6 6. Bc4 e6 7. Bb3 b5 8. O-O
Be7 9. Qf3 Bb7 10. Bxe6 fxe6 11. Nxe6 Qd7 12. Nxg7+ Kd8 13. Nf5 Rf8 14. Bg5 Qe6
15. Rad1 Nc6 16. Nxd6 Bxd6 17. Rxd6+ Qxd6 18. Rd1 Qxd1+ 19. Qxd1+ Ke7 20. Nd5+
Kf7 21. Nxf6 Ne5 22. f4 Kg6 23. Qh5+ {Black resigns} 1-0

[Event "Team 45 45 League T38"]
[Site "Internet Chess Club"]
[Date "2008.08.30"]
[Round "6"]
[White "tourettes"]
[Black "aifan376"]
[Result "1-0"]
[WhiteElo "1696"]
[BlackElo "1606"]
[Opening "French: King's Indian attack"]
[ECO "C00"]
[Time "10:15:37"]
[TimeControl "2700+45"]

1. e4 e6 2. d3 d5 3. Nd2 c5 4. Ngf3 Nc6 5. g3 Bd6 6. Bg2 Nge7 7. O-O Qc7 8. Qe2
O-O 9. Re1 b6 10. e5 Bxe5 11. Nxe5 Nd4 12. Qd1 f6 13. Nef3 Nef5 14. c3 Nxf3+ 15.
Nxf3 e5 16. Nxe5 Bb7 17. Nf3 g5 18. Bxg5 fxg5 19. Nxg5 h6 20. Ne6 {Black
resigns} 1-0

[Event "Team 45 45 League T38"]
[Site "Internet Chess Club"]
[Date "2008.09.01"]
[Round "6"]
[White "bobhill"]
[Black "Zornorph"]
[Result "1-0"]
[WhiteElo "2042"]
[BlackElo "2031"]
[Opening "Queen's Pawn"]
[ECO "A41"]
[Time "12:58:48"]
[TimeControl "2700+45"]

1. d4 d6 2. Nf3 Nd7 3. Bg5 Ngf6 4. Nbd2 e5 5. dxe5 dxe5 6. e3 Be7 7. c3 O-O 8.
Bd3 h6 9. Bh4 b6 10. O-O Bb7 11. Bc2 c5 12. c4 Re8 13. Bg3 Bf8 14. Qe2 e4 15.
Ne1 Ne5 16. Bxe5 Rxe5 17. f4 exf3 18. Nexf3 Re8 19. h3 Qe7 20. Rae1 Ne4 21. Nxe4
Bxe4 22. Bxe4 Qxe4 23. Qf2 Be7 24. Nd2 Qg6 25. e4 Bf6 26. Kh1 Bxb2 27. Nf3 Be5
28. Nxe5 Rxe5 29. Re3 Rae8 30. Rg3 Rg5 31. Rf3 f6 32. Rd3 Qxe4 33. Rd7 Re7 34.
Rd8+ Kf7 35. Rfd1 Qe2 36. Qg1 Qxc4 37. Qh2 Rge5 38. Qg3 Qe2 39. R8d2 Qe3 40. Qg4
Qe4 41. Qc8 Rg5 42. Rg1 Rd5 43. Rf2 c4 44. Rgf1 Rc5 45. Qh8 c3 46. Rxf6+ gxf6
47. Rxf6# {Black checkmated} 1-0

[Event "Team 45 45 League T38"]
[Site "Internet Chess Club"]
[Date "2008.08.31"]
[Round "6"]
[White "Fezzik"]
[Black "Beetlejuice"]
[Result "1/2-1/2"]
[WhiteElo "1962"]
[BlackElo "1939"]
[Opening "QGD: Chigorin defense"]
[ECO "D07"]
[Time "16:00:41"]
[TimeControl "2700+45"]

1. d4 d5 2. c4 Nc6 3. Nf3 Bg4 4. Nc3 e6 5. Bf4 dxc4 6. e3 Nf6 7. Bxc4 Bb4 8. O-O
O-O 9. Be2 Bxc3 10. bxc3 Nd5 11. Rc1 Nxf4 12. exf4 Rc8 13. Ne5 Nxe5 14. Bxg4
Nxg4 15. Qxg4 c5 16. Rcd1 Qa5 17. Qf3 b6 18. d5 exd5 19. Qxd5 Qxc3 20. Qb7 Qa5
21. Qd5 b5 22. Rd3 c4 23. Rg3 Qxa2 24. Qxb5 c3 25. Qg5 g6 26. Qh6 f5 27. Rxg6+
{Game drawn by mutual agreement} 1/2-1/2

[Event "Team 45 45 League T38"]
[Site "Internet Chess Club"]
[Date "2008.08.31"]
[Round "6"]
[White "A-Ru"]
[Black "DavidBarnsley"]
[Result "0-1"]
[WhiteElo "1812"]
[BlackElo "2052"]
[Opening "Dutch, 2.Bg5 variation"]
[ECO "A80"]
[Time "15:27:19"]
[TimeControl "2700+45"]

1. d4 f5 2. Bg5 g6 3. Nd2 Bg7 4. e4 fxe4 5. Nxe4 d5 6. Nc5 b6 7. Nb3 Nf6 8. Nf3
O-O 9. Bd3 c5 10. Be2 Ne4 11. Be3 Qd6 12. c3 Nd7 13. O-O Bb7 14. Nfd2 Nef6 15.
Re1 c4 16. Nc1 e5 17. dxe5 Nxe5 18. Nf3 Nfg4 19. Nxe5 Nxe3 20. Nxc4 Nxc4 21.
Bxc4 Qc5 22. Bb3 Qxf2+ 23. Kh1 Qxb2 24. Ne2 Rad8 25. Rb1 Qa3 26. Nd4 Bxd4 27.
Qxd4 Qc5 28. Qe5 Qd6 29. Rbd1 Rf1+ {White resigns} 0-1

[Event "Team 45 45 League T38"]
[Site "Internet Chess Club"]
[Date "2008.08.31"]
[Round "6"]
[White "Eskake"]
[Black "upsan"]
[Result "1-0"]
[WhiteElo "1988"]
[BlackElo "1873"]
[Opening "French: advance, Paulsen attack"]
[ECO "C02"]
[Time "12:00:08"]
[TimeControl "2700+45"]

1. e4 e6 2. d4 d5 3. e5 c5 4. c3 Nc6 5. Nf3 Qb6 6. Be2 cxd4 7. cxd4 Nge7 8. Na3
Nf5 9. Nc2 Bd7 10. g4 Nfe7 11. Bd3 Ng6 12. h4 Bb4+ 13. Kf1 Be7 14. h5 Nf8 15. b3
Nb4 16. Nxb4 Qxb4 17. Bd2 Qb6 18. a4 Rc8 19. a5 Qd8 20. a6 b6 21. Kg2 f5 22. g5
g6 23. h6 Kf7 24. Qe2 Be8 25. Rhc1 Rxc1 26. Rxc1 Nd7 27. b4 Nb8 28. b5 Bd7 29.
Bf4 Qe8 30. Rc7 Qd8 31. Rxa7 Bc8 32. Qc2 Nd7 33. Rc7 Nc5 34. Rxe7+ Qxe7 35. dxc5
bxc5 36. b6 c4 37. Bxc4 dxc4 38. Qxc4 Bb7 39. axb7 Qxb7 40. Kg3 Rc8 41. Qb4 Rb8
42. Be3 f4+ 43. Qxf4+ Kg8 44. Qc4 Rf8 45. Qxe6+ Kh8 46. Qg4 Qd5 47. e6 Qd6+ 48.
Kg2 Kg8 49. e7 Qxe7 50. Qc4+ Rf7 51. Qc8+ Rf8 52. b7 Qf7 53. Qxf8+ Qxf8 54. Ba7
{Black resigns} 1-0

[Event "Team 45 45 League T38"]
[Site "Internet Chess Club"]
[Date "2008.08.28"]
[Round "6"]
[White "QueensCounselor"]
[Black "Nureins"]
[Result "0-1"]
[WhiteElo "1861"]
[BlackElo "1919"]
[Opening "French: Winawer, advance, Bogolyubov variation"]
[ECO "C17"]
[Time "15:11:36"]
[TimeControl "2700+45"]

1. e4 e6 2. d4 d5 3. Nc3 Bb4 4. e5 c5 5. Bd2 Nc6 6. Nb5 Bxd2+ 7. Qxd2 Nxd4 8.
Nxd4 cxd4 9. f4 Ne7 10. O-O-O Nf5 11. Nf3 Qb6 12. Nxd4 Nxd4 13. Qxd4 Qxd4 14.
Rxd4 Bd7 15. Be2 Ke7 16. Rhd1 Rac8 17. Kb1 Bc6 18. g3 Rc7 19. Bf3 Bb5 20. a4 Ba6
21. b4 Bc4 22. Re1 Rhc8 23. Bd1 b6 24. Kb2 h6 25. h4 Rf8 26. Re3 Bf1 27. Re1 Bg2
28. Re3 Rfc8 29. c3 Be4 30. Be2 f6 31. exf6+ gxf6 32. Bh5 e5 33. fxe5 fxe5 34.
Rd2 Rf8 35. Ree2 Rf1 36. Re3 Rc6 37. Bd1 Ke6 38. g4 Rf4 39. Rg3 Rc7 40. h5 Kd6
41. g5 hxg5 42. Rxg5 Bh7 43. Rdg2 d4 44. Rg7 dxc3+ 45. Kb3 c2 46. Rd2+ Rd4 47.
Rxc7 cxd1=Q+ 48. Rxd1 Kxc7 {White resigns} 0-1

[Event "Team 45 45 League T38"]
[Site "Internet Chess Club"]
[Date "2008.09.01"]
[Round "6"]
[White "lluisdp"]
[Black "Rainbird"]
[Result "1/2-1/2"]
[WhiteElo "1924"]
[BlackElo "1815"]
[Opening "Queen's pawn"]
[ECO "A40"]
[Time "17:01:07"]
[TimeControl "2700+45"]

1. d4 e6 2. Nf3 f5 3. Bf4 Nf6 4. e3 b6 5. h3 Bb7 6. Bd3 Be7 7. Nbd2 O-O 8. c3
Be4 9. Be2 Bb7 10. Bd3 Be4 11. Be2 Bb7 {Game drawn by mutual agreement} 1/2-1/2

[Event "Team 45 45 League T38"]
[Site "Internet Chess Club"]
[Date "2008.09.06"]
[Round "6"]
[White "Frankly"]
[Black "Kalhalla"]
[Result "1-0"]
[WhiteElo "1813"]
[BlackElo "1734"]
[Opening "King's Indian: Four pawns attack"]
[ECO "E76"]
[Time "09:04:58"]
[TimeControl "2700+45"]

1. d4 Nf6 2. c4 g6 3. Nc3 Bg7 4. e4 d6 5. f4 O-O 6. Nf3 Na6 7. Be2 Bg4 8. O-O c6
9. e5 dxe5 10. fxe5 Ne8 11. Be3 h6 12. h3 Bc8 13. Qd2 Kh7 14. a3 b6 15. Qc2 Bb7
16. Rad1 Nec7 17. Nh2 Ne6 18. Qc1 f5 19. exf6 exf6 20. d5 cxd5 21. cxd5 Ng5 22.
h4 Nf7 23. Qc2 Kh8 24. Qxg6 Ne5 25. Qh5 Kh7 26. Ng4 Nxg4 27. Bxg4 Bc8 28. Bf5+
Bxf5 29. Qxf5+ Kh8 30. Rf3 Nc5 31. Rg3 Qe8 32. Rd4 Rd8 33. Rdg4 Rd7 34. Rg6 Rff7
35. Bxh6 a6 36. Qh5 Kg8 37. Rxg7+ {Black resigns} 1-0

[Event "Team 45 45 League T38"]
[Site "Internet Chess Club"]
[Date "2008.08.31"]
[Round "6"]
[White "Bega"]
[Black "rubo"]
[Result "1-0"]
[WhiteElo "1824"]
[BlackElo "1748"]
[Opening "Caro-Kann: classical variation"]
[ECO "B18"]
[Time "15:00:35"]
[TimeControl "2700+45"]

1. e4 c6 2. d4 d5 3. Nd2 dxe4 4. Nxe4 Bf5 5. Ng3 Bg6 6. Nf3 Nd7 7. Bd3 Bxd3 8.
Qxd3 Qc7 9. O-O e6 10. Re1 Ngf6 11. Bg5 Be7 12. Rad1 Rd8 13. Qb3 O-O 14. c4 h6
15. Bc1 Rfe8 16. h3 Bd6 17. Nf1 b6 18. Be3 Rb8 19. a3 Rec8 20. Rc1 Qb7 21. Qd3
Rd8 22. Qc2 Rbc8 23. c5 bxc5 24. dxc5 Bc7 25. Red1 Nd5 26. Rd2 N7f6 27. Rcd1 Rb8
28. Bd4 Qa8 29. Ne5 a5 30. Qa4 Rb5 31. Qc4 a4 32. Nh2 Rdb8 33. Nhf3 Rb3 34. Nd3
Qa5 35. Nfe5 Qa8 36. Re2 Kf8 37. Rde1 R3b5 38. Nxf7 Kxf7 39. Bxf6 gxf6 40. Rxe6
Be5 41. Nxe5+ Kxe6 42. Nxc6+ Kf5 43. Qxd5+ Kg6 44. Qd3+ Kh5 45. Qf5+ {Black
resigns} 1-0